 Dungeon Crawl Stone Soup version 0.22.0-5-gf09313c8f9 (webtiles) character file.

115 Htamos the Digger (level 4, -1/34 HPs)
             Began as a Centaur Earth Elementalist on Aug 14, 2018.
             Killed from afar by Natasha (6 damage)
             ... with a magic dart
             ... on level 3 of the Dungeon.
             The game lasted 00:03:39 (3925 turns).

Htamos the Digger (Centaur Earth Elementalist)      Turns: 3925, Time: 00:03:39

Health: -1/34      AC:  4    Str: 12    XL:     4   Next: 68%
Magic:  6/7        EV: 10    Int: 14    God:
Gold:   185        SH:  0    Dex:  9    Spells: 6/7 levels left

rFire    . . .     SeeInvis .   f - +0 whip
rCold    . . .     Gourm    .   (no shield)
rNeg     . . .     Faith    .   c - +0 robe
rPois    .         Spirit   .   (no helmet)
rElec    .         Reflect  .   (no cloak)
rCorr    .         Harm     .   (no gloves)
MR       .....                  (no barding)
Stlth    +.........             (no amulet)
HPRegen  0.11/turn              (no ring)
MPRegen  0.10/turn              (no ring)

@: slowed
A: large, hooves 3, deformed body, speed 2, tough skin 3
a: no special abilities


You were on level 3 of the Dungeon.
You were not hungry.

You visited 1 branch of the dungeon, and saw 3 of its levels.

You collected 185 gold pieces.

Inventory:

Hand Weapons
 a - a +0 hand axe
 f - a +0 whip (weapon)
Armour
 c - a +0 robe (worn)
Jewellery
 h - a cursed amulet of inaccuracy {unknown}
 n - an uncursed ring of ice {unknown}
 p - a cursed ring of attention {unknown}
Scrolls
 g - a scroll of enchant armour {unknown}
 i - a scroll of blinking {unknown}
 j - a scroll of fear {unknown}
 k - 6 scrolls of identify {unknown}
 l - a scroll of teleportation {unknown}
 m - a scroll of remove curse {unknown}
 o - a scroll of magic mapping {unknown}
Potions
 b - 2 potions of degeneration {unknown}
 e - 3 potions of curing
 q - 2 potions of heal wounds {unknown}
 s - a potion of lignification {unknown}
 t - a potion of cancellation {unknown}
Comestibles
 d - 5 rations


   Skills:
 + Level 0.5 Fighting
 + Level 1.3 Armour
 - Level 1.5 Dodging
 - Level 1.2 Stealth
 + Level 2.4 Spellcasting
   Level 0.8 Transmutations
 + Level 3.5 Earth Magic


You had 6 spell levels left.
You knew the following spells:

 Your Spells              Type           Power        Failure   Level  Hunger
a - Sandblast             Erth           ##....       5%          1    #......

Your spell library contained the following spells:

 Spells                   Type           Power        Failure   Level  Hunger
 Stone Arrow              Conj/Erth      #.....       32%         3    ###....
 Passwall                 Tmut/Erth      #.......     14%         2    ###....
 Lee's Rapid Deconstruct  Erth           ##........   83%         5    ######.
 Petrify                  Tmut/Erth      #.......     67%         4    #####..


Dungeon Overview and Level Annotations

Branches:
Dungeon (3/15)

Altars:
Sif Muna

Annotations:
D:3 Natasha


Innate Abilities, Weirdness & Mutations

You have hooves in place of feet.
Armour fits poorly on your strangely shaped body.
You cover ground very quickly.
You have extremely tough skin. (AC +3)


Message History

Natasha is severely wounded.
Natasha closely misses you. The white imp barely misses you.
The white imp hits you.
* * * LOW HITPOINT WARNING * * *
The white imp freezes you.
* * * LOW HITPOINT WARNING * * *
Natasha claws you but does no damage.
You miss Natasha.
Natasha is severely wounded.
The white imp hits you.
* * * LOW HITPOINT WARNING * * *
The white imp freezes you.
* * * LOW HITPOINT WARNING * * *
Natasha closely misses you.
You hit Natasha. You kick Natasha, but do no damage.
Natasha is severely wounded.
Natasha hisses.
Natasha casts a spell at you. The magic dart hits you!
You die...

### ..###### #......#
#......#####
#..h.......#
#.5@.......#
#.......##.#########
##.......##.##.......
....?..........'.......
.##.##.#.#..#.##.......
#. #.#.#..#.##....... .
#.#.#.)#.######### ##
#.#.#.<#.#########
.................'


You could see Natasha and a white imp.

Vanquished Creatures
  Natasha (twice) (D:2)
  2 adders (D:2)
  2 worms (D:2)
  A dart slug (D:2)
  3 leopard geckos
  2 bats
  A giant cockroach (D:1)
  5 goblins
  A hobgoblin (D:1)
  2 jackals (D:1)
  10 kobolds
  A quokka (D:2)
  2 ball pythons
  4 frilled lizards
  3 rats (D:1)
41 creatures vanquished.

Notes
Turn   | Place    | Note
-------+----------+-------------------------------------------
     0 | D:1      | Htamos the Centaur Earth Elementalist began the quest for the Orb.
     0 | D:1      | Reached XP level 1. HP: 14/14 MP: 3/3
   152 | D:1      | Reached XP level 2. HP: 18/20 MP: 0/4
   569 | D:1      | Reached skill level 3 in Earth Magic
  1011 | D:2      | Reached XP level 3. HP: 26/26 MP: 4/6
  1456 | D:2      | Noticed Natasha
  1469 | D:2      | Killed Natasha
  1469 | D:2      | Reached skill level 1 in Armour
  1469 | D:2      | Reached XP level 4. HP: 24/33 MP: 2/7
  1578 | D:2      | Found a deep blue altar of Sif Muna.
  1773 | D:2      | Noticed Natasha
  1784 | D:2      | Killed Natasha
  1950 | D:2      | Noticed Natasha
  3086 | D:2      | Found a deep blue altar of Sif Muna.
  3707 | D:2      | Found a deep blue altar of Sif Muna.
  3925 | D:3      | Killed from afar by Natasha

Skill      XL: |  1  2  3 |
---------------+----------+-----
Earth Magic    | 3 |  3.5
Spellcasting   | 2 |  2.4
Armour         | 1 |  1.3
Fighting       | |  0.5
Dodging        | |  1.5
Stealth        | |  1.2
Transmutations | |  0.8

Action                   |  1- 3 |  4- 6 || total
-------------------------+-------+-------++-------
Melee: Whip              |    13 |    71 ||    84
       Kick              |     2 |     7 ||     9
 Cast: Sandblast         |    47 |     4 ||    51
  Eat: Chunk             |     2 |     3 ||     5
       Ration            |       |     1 ||     1
Armor: Robe              |     8 |    17 ||    25
Dodge: Dodged            |    16 |    40 ||    56
